 Dungeon Crawl Stone Soup version 0.18.1-50-g88ac8fd (webtiles) character file.

1016 PossumBlood the Fighter (level 8, -1/68 HPs)
             Began as a Formicid Fighter on Sept 22, 2016.
             Was an Initiate of Okawaru.
             Slain by Grinder (4 damage)
             ... on level 4 of the Dungeon.
             The game lasted 00:09:41 (2740 turns).

PossumBlood the Fighter (Formicid Fighter)          Turns: 2740, Time: 00:09:42

Health: -1/68      AC: 19    Str: 21    XL:     8   Next: 45%
Magic:  8/8        EV:  3    Int:  8    God:    Okawaru [......]
Gold:   223        SH:  8    Dex: 10    Spells: 0 memorised, 7 levels left

rFire  . . .     SeeInvis +     a - +0 war axe
rCold  . . .     Gourm    .     k - +0 plate armour
rNeg   . . .     Faith    .     c - +0 shield
rPois  .         Spirit   .     (helmet unavailable)
rElec  .         Dismiss  .     b - +2 cloak
rCorr  .         Reflect  .     (no gloves)
SustAt .         Harm     .     l - +1 pair of boots {Fly}
MR     .....                    (no amulet)
Stlth  ..........               d - ring of stealth
                                m - ring of teleportation (curse)

@: flying, very heavily drained, not resistant to hostile enchantments,
extremely unstealthy
A: permanent stasis, dig shafts and tunnels, four strong arms, antennae 3,
iridescent scales 1, blurry vision 1, weak 1
a: Dig, Shaft Self, Renounce Religion, Stop Flying


You were on level 4 of the Dungeon.
You worshipped Okawaru.
Okawaru was noncommittal.
You were not hungry.

You visited 1 branch of the dungeon, and saw 4 of its levels.

You collected 223 gold pieces.

Inventory:

Hand Weapons
 a - a +0 war axe (weapon)
Armour
 b - a +2 cloak (worn)
 c - a +0 shield (worn)
 k - a +0 plate armour (worn)
 l - a +1 pair of boots of flying (worn)
Jewellery
 d - a ring of stealth (right hand)
 m - a cursed ring of teleportation (left hand)
Wands
 n - a wand of lightning (13/15)
Scrolls
 e - 6 scrolls of identify
Potions
 i - a potion of flight
Comestibles
 f - 2 bread rations
 g - 3 fruits
 h - 3 meat rations
 j - a beef jerky


   Skills:
 * Level 8.2(2.8) Fighting
 - Level 2.0(0.0) Axes
 + Level 5.9(0.9) Armour
 + Level 6.3(1.2) Shields


You had 7 spell levels left.
You didn't know any spells.

Dungeon Overview and Level Annotations

Branches:
Dungeon (4/15)
 Temple: D:4-7

Altars:
Okawaru
Zin

Annotations:
D:4 Grinder


Innate Abilities, Weirdness & Mutations

You are under a permanent stasis effect.
You can dig through walls and to a lower floor.
Your four strong arms can wield two-handed weapons with a shield.
You have a pair of large antennae on your head (SInv).
You are partially covered in iridescent scales (AC +4).
Scrolls take you a little longer to read.
You are weak. (Str -2)


Message History

Unknown command.
You slash Grinder!
Grinder is moderately wounded.
Grinder gestures at you. Pain shoots through your body!
* * * LOW HITPOINT WARNING * * *
Unknown command.
Your shield and plate armour prevent you from hitting Grinder.
Grinder is moderately wounded.
You closely miss the phantom.
The phantom is heavily damaged.
The phantom hits you but does no damage.
Grinder hits you but does no damage. You block the phantom's attack.
Grinder hits you but does no damage.
You barely miss Grinder.
Grinder is moderately wounded.
Your shield and plate armour prevent you from hitting the phantom.
The phantom is heavily damaged.
The phantom barely misses you. Grinder hits you.
You die...

..##.#...#
#.#......### # {
#.#..........#
#.#.####.###.#
#.#..........
#......#...#
#######.#...#
........5...#
########@...#
#..W..######
........#......#
........#.####.#
...........
..=.........
#......####.#
#.#.... .#
..#.### ##


You could see Grinder and a phantom.

Vanquished Creatures
  Sigmund (D:3)
  Edmund (D:4)
  6 big kobolds (D:3)
  A worker ant (D:4)
  Robin (D:3)
  8 gnolls
  6 adders
  An ooze (D:1)
  A worm (D:2)
  A dart slug (D:2)
  A giant gecko (D:1)
  3 orcs (D:3)
  5 bats
  5 giant cockroaches
  24 goblins
  17 hobgoblins
  4 quokkas
  A ball python (D:1)
  5 giant newts
  A jackal skeleton (D:4)
  48 kobolds
  10 rats
151 creatures vanquished.

Notes
Turn   | Place    | Note
--------------------------------------------------------------
     0 | D:1      | PossumBlood the Formicid Fighter began the quest for the Orb.
     0 | D:1      | Reached XP level 1. HP: 18/18 MP: 1/1
    46 | D:1      | Reached XP level 2. HP: 24/24 MP: 2/2
   206 | D:1      | Gained mutation: Scrolls take you a little longer to read. [potion of mutation]
   206 | D:1      | Gained mutation: You are partially covered in iridescent scales (AC +4). [potion of mutation]
   206 | D:1      | Gained mutation: You are weak. (Str -2) [potion of mutation]
   290 | D:1      | Reached XP level 3. HP: 30/30 MP: 3/3
   329 | D:1      | Reached skill level 4 in Fighting
   740 | D:2      | Reached XP level 4. HP: 37/38 MP: 4/4
  1393 | D:2      | Found a glowing silver altar of Zin.
  1461 | D:3      | Reached XP level 5. HP: 43/43 MP: 5/5
  1485 | D:3      | Noticed Sigmund
  1512 | D:3      | Killed Sigmund
  1512 | D:3      | Reached skill level 5 in Fighting
  1512 | D:3      | Reached skill level 5 in Shields
  1512 | D:3      | Reached XP level 6. HP: 30/52 MP: 6/6
  1704 | D:3      | Reached skill level 6 in Fighting
  1745 | D:3      | Reached XP level 7. HP: 58/58 MP: 7/7
  1778 | D:3      | Reached skill level 5 in Armour
  1953 | D:3      | Reached skill level 7 in Fighting
  1983 | D:3      | Reached XP level 8. HP: 55/67 MP: 8/8
  2381 | D:3      | Noticed Robin
  2399 | D:3      | Killed Robin
  2426 | D:3      | Found an iron altar of Okawaru.
  2434 | D:3      | Became a worshipper of Warmaster Okawaru
  2613 | D:4      | Noticed Edmund
  2639 | D:4      | Killed Edmund
  2639 | D:4      | Reached skill level 8 in Fighting
  2708 | D:4      | Noticed Grinder
  2738 | D:4      | HP: 2/68 [Grinder/nerve-wracking pain (8)]
  2740 | D:4      | Slain by Grinder

Skill      XL: |  1  2  3  4  5  6  7  8 |
---------------+-------------------------+-----
Fighting       | 4 5 6 7 8 |  8.2
Shields        | 4 5 6 |  6.3
Armour         | 4 5 |  5.9
Axes           | |  2.0

Action                   |  1- 3 |  4- 6 |  7- 9 || total
-------------------------+-------+-------+-------++-------
Melee: War axe           |   145 |   152 |   264 ||   561
  Use: Scroll            |     2 |     1 |     1 ||     4
       Potion            |     2 |     2 |     1 ||     5
  Eat: Bread ration      |       |     1 |       ||     1
       Meat ration       |       |       |     1 ||     1
       Fruit             |       |       |     1 ||     1
Armor: Scale mail        |    28 |       |       ||    28
       Plate armour      |    50 |   109 |   230 ||   389
Dodge: Dodged            |    41 |    39 |    82 ||   162
Block: Shield            |    77 |    96 |   188 ||   361
